 Dungeon Crawl Stone Soup version 0.31.0-11-ge490571c62 (webtiles) character file.

Game seed: 4032035600705555436

2741 Silvore the Slasher (level 9, 0/69 HPs)
             Began as a Demonspawn Fighter on Feb 9, 2024.
             Was a Priest of Okawaru.
             Slain by an orc warrior
             ... wielding a +0 halberd
              (3 damage)
             ... on level 8 of the Dungeon on Feb 10, 2024.
             The game lasted 00:11:49 (8735 turns).

Silvore the Slasher (Demonspawn Fighter)            Turns: 8735, Time: 00:11:50

Health: 0/69       AC: 10    Str: 20    XL:     9   Next: 40%
Magic:  9/9        EV: 10    Int:  9    God:    Okawaru [***...]
Gold:   536        SH:  5    Dex: 13    Spells: 8/8 levels left

rFire   + . .        a - +1 long sword
rCold   . . .        c - +0 buckler
rNeg    . . .        b - +0 scale mail
rPois   .            (no helmet)
rElec   .            p - +1 cloak
rCorr   .            (no gloves)
SInv    .            (no boots)
Will    .....        (no amulet) Stlth
                     d - ring of protection from fire
HPRegen 0.31/turn    (no ring)
MPRegen 0.11/turn

%: no passive effects
@: mighty
A: claws 2, spiny 2
a: Renounce Religion, Heroism


You were on level 8 of the Dungeon.
You worshipped Okawaru.
Okawaru was most pleased with you.
You visited 2 branches of the dungeon, and saw 9 of its levels.

You collected 536 gold pieces.

Inventory:

Hand Weapons
 a - a +1 long sword (weapon)
Armour
 b - a +0 scale mail (worn)
 c - a +0 buckler (worn)
 n - a scarf of repulsion
 p - a +1 cloak (worn)
Jewellery
 d - a ring of protection from fire (left claw)
Wands
 l - a wand of flame (43)
 z - a wand of roots (4)
Scrolls
 i - a scroll of silence
 o - 2 scrolls of poison
 r - a scroll of fog
 u - a scroll of teleportation
 v - 2 scrolls of immolation
 A - a scroll of enchant armour
Potions
 f - 2 potions of attraction {unknown}
 g - 3 potions of curing
 h - a potion of mutation {unknown}
 j - a potion of ambrosia
 k - 3 potions of degeneration
 m - a potion of lignification {unknown}
 s - a potion of cancellation {unknown}
 x - a potion of berserk rage {unknown}


   Skills:
 + Level 6.0 Fighting
 + Level 7.2 Long Blades
 + Level 6.7 Armour
 + Level 3.1 Dodging
 + Level 1.3 Stealth
 + Level 4.8 Shields


You had 8 spell levels left.
You didn't know any spells.
Your spell library contained the following spells:

 Spells                   Type           Power      Damage    Failure   Level
 Sublimation of Blood     Necr           0%         N/A       89%         2
 Cause Fear               Hex            0%         N/A       100%        4
 Petrify                  Alch/Erth      0%         N/A       100%        4
 Fireball                 Conj/Fire      0%         3d3       100%        5
 Irradiate                Conj/Alch      0%         3d11      100%        5
 Dragon's Call            Summ           Unusable   N/A       N/A         9

Dungeon Overview and Level Annotations

Branches:
Dungeon (8/15)             Temple (1/1) D:5
   Lair: D:8-11

Altars:
Ashenzari
Cheibriados
Dithmenos
Fedhas
Gozag
Hepliaklqana
Makhleb
Okawaru
Qazlal
Sif Muna
Trog
Vehumet
Wu Jian
Xom
Yredelemnul

Shops:
D:2 :   D:6 *

Annotations:
D:6 3 runed translucent doors, Jeremiah; TheBioAlchemist's ghost, novice OnWr; negina's ghost, novice MiFi
D:8 3 runed translucent doors, Arctor's ghost, novice DEFE


Innate Abilities, Weirdness & Mutations

You have very sharp fingernails.
You are mostly covered in sharp spines.


Message History

The orc warrior hits you from afar with a +0 halberd!
The orc closely misses you.
You hit the orc.
The orc is moderately wounded.
The orc warrior barely misses you. The orc hits you but does no damage.
You slash the orc!
You kill the orc!
Okawaru accepts your kill.
The orc warrior hits you from afar with a +0 halberd!
The orc warrior closely misses you.
Things that are here:
a +0 dagger; an orc corpse You barely miss the orc warrior.
The orc warrior barely misses you.
You hit the orc warrior.
The orc warrior is lightly wounded.
The orc warrior is struck by your spines.
The orc warrior hits you with a +0 halberd!
You hit the orc warrior but do no damage.
The orc warrior is moderately wounded.
The orc warrior hits you with a +0 halberd.
You block the orc warrior's attack.
You hit the orc warrior.
The orc warrior is heavily wounded.
The orc warrior hits you with a +0 halberd!
* * * LOW HITPOINT WARNING * * *
You hit the orc warrior.
The orc warrior is heavily wounded.
The orc warrior hits you with a +0 halberd!
* * * LOW HITPOINT WARNING * * *
You barely miss the orc warrior.
The orc warrior is heavily wounded.
The orc warrior closely misses you.
Unknown command.
You feel very mighty all of a sudden. You block the orc warrior's attack.
Unknown command.
You hit the orc warrior.
The orc warrior is heavily wounded.
The orc warrior hits you with a +0 halberd.
You die...

######.#).....##### ######.#
######.#..........# #....#.#
.....#.#o########## ####...# ##
.....#....####### ##..# #.
..^.............## #..## #8
...).............## ###...# #.
.....###..........# #.....## ##
#....###.......o..#####.##...####
#.##...#........@...<.....#....#.
#.####.##...........).....#.##.#.
..####.##...................##.#.
..................###.####..##...
)######.#..........##.# ##....##
.# #...............# #...... .#
###.........#...# ##.....
.########.........#...# ###.....
.....>.##.........#.#.####.....#.


You could see an orc warrior.

Vanquished Creatures
  Maggie (D:7)
  A wyvern (D:7)
  3 water moccasins
  2 sky beasts
  2 ogres
  A centaur (D:7)
  3 phantoms
  A kobold brigand (D:8)
  A bullfrog (D:7)
  2 scorpions
  3 killer bees (D:8)
  A howler monkey (D:5)
  A bombardier beetle (D:7)
  3 hounds
  A jelly (D:6)
  4 orc priests
  7 iguanas
  A sleepcap (D:6)
  7 orc wizards
  9 adders
  A shadow imp (D:7)
  4 white imps
  4 ufetubi
  3 ribbon worms
  A dart slug (D:4)
  28 orcs
  8 endoplasms
  2 giant cockroaches
  5 goblins
  8 hobgoblins
  5 jackals (D:3)
  9 kobolds
  2 quokkas
  4 ball pythons
  5 bats
  4 frilled lizards
  6 rats
153 creatures vanquished.

Notes
Turn   | Place    | Note
-------+----------+-------------------------------------------
     0 | D:1      | Silvore the Demonspawn Fighter began the quest for the Orb.
     0 | D:1      | Reached XP level 1. HP: 18/18 MP: 1/1
   151 | D:1      | Reached skill level 2 in Long Blades
   151 | D:1      | Gained mutation: You are partially covered in sharp spines.
                  | [demonic ancestry]
   151 | D:1      | Reached XP level 2. HP: 18/24 MP: 2/2
   618 | D:2      | Gained mutation: You have sharp fingernails. [demonic
                  | ancestry]
   618 | D:2      | Reached XP level 3. HP: 28/29 MP: 3/3
   743 | D:2      | Found Seezy Qairu's Book Emporium.
   912 | D:2      | Found a faded altar of an unknown god.
  1323 | D:3      | Reached XP level 4. HP: 35/35 MP: 4/4
  1394 | D:3      | Found a stormy altar of Qazlal.
  1394 | D:3      | Noticed a sky beast
  1420 | D:3      | Killed a sky beast
  1421 | D:3      | Reached skill level 3 in Long Blades
  1421 | D:3      | Reached skill level 1 in Dodging
  1421 | D:3      | Reached XP level 5. HP: 12/41 MP: 5/5
  1654 | D:3      | Found a snail-covered altar of Cheibriados.
  2063 | D:4      | Noticed an ogre
  2098 | D:3      | Killed an ogre
  2099 | D:3      | Gained mutation: You have very sharp fingernails. [demonic
                  | ancestry]
  2099 | D:3      | Reached XP level 6. HP: 31/48 MP: 6/6
  2211 | D:4      | Reached skill level 4 in Long Blades
  2558 | D:4      | Gained mutation: You are mostly covered in sharp spines.
                  | [demonic ancestry]
  2558 | D:4      | Reached XP level 7. HP: 43/55 MP: 7/7
  2922 | D:5      | Entered Level 5 of the Dungeon
  2934 | D:5      | Found a staircase to the Ecumenical Temple.
  2985 | Temple   | Entered the Ecumenical Temple
  3008 | Temple   | Became a worshipper of Warmaster Okawaru
  3634 | D:5      | Reached skill level 5 in Long Blades
  3706 | D:5      | Reached * piety under Okawaru
  4243 | D:6      | Reached XP level 8. HP: 55/61 MP: 8/8
  4304 | D:6      | Noticed Jeremiah
  4308 | D:6      | Reached skill level 5 in Fighting
  4569 | D:6      | Reached skill level 5 in Armour
  4817 | D:6      | Found an opulent altar of Gozag.
  4820 | D:6      | Found a runed translucent gate.
  4820 | D:6      | Noticed TheBioAlchemist's ghost (novice OnWr)
  4820 | D:6      | Noticed TheBioAlchemist's ghost (novice OnWr)
  4823 | D:6      | Found a runed translucent gate.
  4823 | D:6      | Noticed negina's ghost (novice MiFi)
  5375 | D:6      | Found a runed translucent gate.
  5541 | D:6      | Found Epyut's Serpentskin Sales.
  5847 | D:7      | Found a blossoming altar of Fedhas.
  6666 | D:7      | Reached skill level 6 in Long Blades
  6949 | D:7      | Reached ** piety under Okawaru
  7334 | D:7      | Noticed Maggie
  7352 | D:7      | Killed Maggie
  7353 | D:7      | Reached skill level 1 in Stealth
  7353 | D:7      | Reached XP level 9. HP: 23/69 MP: 9/9
  7893 | D:8      | Found a runed translucent gate.
  7893 | D:8      | Found a runed translucent gate.
  7893 | D:8      | Found a runed translucent gate.
  7896 | D:8      | Found an opulent altar of Gozag.
  7896 | D:8      | Noticed a centaur warrior
  7896 | D:8      | Noticed a green ugly thing
  7897 | D:8      | Noticed Arctor's ghost (novice DEFE)
  7968 | D:8      | Reached *** piety under Okawaru
  8185 | D:8      | Reached skill level 7 in Long Blades
  8485 | D:8      | HP: 3/69 [howler monkey (2)]
  8732 | D:8      | HP: 2/69 [orc warrior/+0 halberd (17)]
  8735 | D:8      | Slain by an orc warrior

Illustrated notes

Levels and vault maps discovered:
D:1:      evilmike_arrival_crescent, layout_rooms, st_stairs_7
D:2:      layout_loops_ring, serial_shops, shop, basic_ecumenical_altar,
          minmay_misc_feat_room
D:3:      layout_basic, mainiacjoe_overflow_concentric_impassable,
          nicolae_qazlal_beasts_of_the_sky
D:4:      minmay_angry_zag, layout_gridville
D:5:      layout_cave_pods, minmay_temple_entry_large_hall, fountainhead,
          minmay_gold_behind_fungi, st_stairs_6, minmay_misc_feat_diagonals
D:6:      layout_loops_ring, mainiacjoe_overflow_boulevard,
          mainiacjoe_overflow_brackets, gammafunk_ghost_cemetery,
          guppyfry_shop_venom, uniq_jeremiah
D:7:      layout_loops_corners, fedhas_bush_and_centaur_altar, uniq_maggie
D:8:      layout_rooms, ebering_ghost_gozag, kennysheep_potato
Temple:   hellmonk_temple_forest_ring

Skill      XL: |  1  2  3  4  5  6  7  8  9 |
---------------+----------------------------+-----
Long Blades    | 2 3 4 5 6 7 |  7.2
Armour         | 3 4 6 |  6.7
Shields        | 3 4 |  4.8
Dodging        | 1 2 3 |  3.1
Fighting       | 4 5 6 |  6.0
Stealth        | 1 |  1.3

Action                     |  1- 3 |  4- 6 |  7- 9 || total
---------------------------+-------+-------+-------++-------
  Melee: Long sword        |    81 |    99 |   297 ||   477
    Use: Scroll            |     5 |     3 |    10 ||    18
         Potion            |       |     1 |     9 ||    10
 Armour: Scale mail        |    60 |    71 |   260 ||   391
  Dodge: Dodged            |    32 |    31 |   142 ||   205
  Block: Buckler           |    15 |    23 |    75 ||   113
